Map: 2000 Atmospheres LE

Players

ByuN - Winner!

  • Race: Terran Terran

DPGZest (Zest)

  • Race: Protoss Protoss

Event: StayAtHome Story Cup #4

VOD

Have the link to the VOD?

Description

Time

  • Played on: Oct. 24, 2021, 10:12 a.m.
  • Length: 18:54

All games in this series

Show
View Real Time Build Order
Export as new Build Order

ByuN Terran - Winner!

Build Orders:  

Get SALT Encoding   

  12  0:00  SCV  
  13  0:12  SCV  
  14  0:16  Supply Depot  
  14  0:24  SCV  
  15  0:38  SCV  
  15  0:40  Barracks  
  16  0:43  Refinery  
  16  0:50  SCV  
  17  1:02  SCV  
  18  1:14  SCV  
  19  1:26  Marine  
  19  1:27  Orbital Command  
  20  1:45  Barracks Tech Lab  
  20  1:47  Command Center  
  20  1:54  Supply Depot  
  20  1:57  SCV  
  21  2:04  Marauder  
  21  2:06  Concussive Shells  
  23  2:16  SCV  
  23  2:20  Barracks  
  24  2:25  Marine  
  24  2:28  SCV  
  26  2:40  SCV  
  26  2:43  Barracks  
  29  2:47  Marine  
  28  2:53  SCV  
  29  3:04  Orbital Command  
  29  3:05  SCV  
  30  3:06  Stimpack, Marine  
  30  3:07  Barracks Reactor  
  30  3:12  Bunker  
  31  3:17  SCV  
  31  3:18  Engineering Bay  
  32  3:27  Marine  
  32  3:29  SCV x2  
  32  3:31  Barracks Reactor  
  32  3:32  Refinery  
  35  3:39  Supply Depot  
  35  3:41  SCV x2  
  36  3:44  Terran Infantry Weapons Level 1, Marine  
  36  3:45  Marine x2  
  40  3:53  SCV x2  
  42  4:04  Marine  
  42  4:05  Supply Depot, SCV x2, Marine, Factory  
  42  4:07  Marine  
  42  4:09  Marine  
  49  4:12  Marauder  
  50  4:17  SCV  
  50  4:18  SCV  
  50  4:23  Marine x2  
  54  4:26  Marine  
  54  4:27  Supply Depot, Marine  
  54  4:29  SCV  
  54  4:30  SCV  
  58  4:33  Marauder  
  58  4:35  Supply Depot  
  60  4:41  SCV  
  60  4:42  SCV  
  60  4:45  Marine, Combat Shield  
  62  4:49  Marine x3  
  65  4:54  Marauder  
  65  4:55  Refinery  
  65  4:58  SCV x2  
  69  5:02  Starport  
  69  5:09  Factory Reactor  
  69  5:10  SCV x2  
  69  5:11  Marine x4  
  73  5:17  Missile Turret  
  73  5:20  Marauder  
  75  5:22  SCV x2  
  77  5:29  Supply Depot  
  77  5:34  SCV  
  77  5:35  Supply Depot, Refinery  
  78  5:47  Terran Infantry Armor Level 1  
  78  5:50  SCV x2, Marine x4  
  78  5:51  Supply Depot, Marauder  
  78  5:57  Medivac x2  
  88  6:03  SCV  
  91  6:08  Marine x2  
  91  6:09  Marine x2  
  94  6:13  Widow Mine, Marauder  
  94  6:15  Supply Depot  
  98  6:20  Supply Depot  
  98  6:28  Marine x3  
  98  6:29  Marine  
  102  6:36  Medivac x2  
  102  6:37  Widow Mine, Marauder  
  110  6:40  Supply Depot  
  110  6:43  Supply Depot  
  110  6:54  Marine x4  
  111  6:58  Widow Mine, Marauder  
  118  7:01  Command Center  
  118  7:02  Barracks  
  118  7:03  SCV x2, Barracks  
  119  7:14  Marine x3  
  119  7:15  SCV x2, Marine  
  123  7:20  Marauder  
  125  7:27  SCV x2  
  131  7:37  Viking x2, Marine x3  
  134  7:49  Supply Depot  
  134  7:50  SCV x2, Marine, Marauder  
  139  7:51  Barracks Tech Lab x2  
  139  8:02  SCV x2  
  141  8:07  Marine x2  
  141  8:08  Viking x2, Marine x2  
  149  8:14  SCV x2, Orbital Command  
  151  8:20  Supply Depot  
  151  8:21  Supply Depot  
  151  8:24  Armory  
  151  8:25  Engineering Bay  
  151  8:31  Marauder x3  
  151  8:34  Marine x4  
  158  8:37  SCV x2  
  163  8:41  SCV  
  163  8:42  Refinery  
  163  8:43  Refinery  
  163  8:45  Supply Depot  
  164  8:48  Supply Depot  
  164  8:49  SCV  
  164  8:50  SCV  
  164  8:54  SCV  
  167  9:00  Missile Turret, Ghost Academy  
  167  9:01  SCV  
  167  9:02  SCV  
  169  9:06  SCV  
  169  9:08  Viking x2  
  175  9:18  Barracks, Terran Infantry Armor Level 2, Terran Infantry Weapons Level 2  
  175  9:19  Barracks x2  
  175  9:20  Terran Ship Weapons Level 1  
  175  9:30  Enhanced Shockwaves  
  174  9:31  Ghost x2  
  174  9:32  Ghost  
  180  9:39  Factory Reactor  
  180  9:42  Viking  
  180  9:43  Viking  
  180  9:44  Starport  
  184  10:08  Ghost x3  
  184  10:10  Barracks Reactor, Barracks Tech Lab x2  
  184  10:12  Viking  
  184  10:13  Viking  
  194  10:16  Command Center  
  192  10:37  Ghost x2  
  196  10:43  Viking  
  196  10:44  Viking  
  199  11:09  Command Center  
  199  11:11  Personal Cloaking, Command Center  
  190  11:32  Viking  
  190  11:34  Ghost x2  
  190  11:35  Viking  
  188  11:40  Viking x2  
  188  11:44  Terran Ship Weapons Level 2  
  192  11:48  Marine x2, Terran Infantry Weapons Level 3  
  192  11:49  Marine x3  
  192  11:50  Marine x2  
  192  11:52  Refinery x2  
  192  11:53  SCV, Missile Turret  
  192  12:17  Medivac x4  
  199  12:23  Terran Infantry Armor Level 3  
  199  12:25  Planetary Fortress  
  199  12:26  Orbital Command x2  
  199  12:27  Command Center  
  199  12:35  Missile Turret  
  199  12:36  Missile Turret  
  195  12:53  Viking x2  
  195  12:54  Viking x2  
  198  13:06  SCV x2  
  198  13:07  Missile Turret  
  198  13:08  Missile Turret  
  198  13:09  Missile Turret  
  198  13:10  Missile Turret  
  200  13:14  Missile Turret  
  200  13:15  Missile Turret  
  200  13:17  Nuke  
  200  13:18  Fusion Core  
  200  13:19  Missile Turret  
  200  13:22  Sensor Tower  
  200  13:23  Sensor Tower  
  197  13:37  Viking  
  199  13:41  Missile Turret  
  199  13:42  Missile Turret  
  199  13:44  Missile Turret  
  193  13:50  Viking x3  
  196  13:56  Ghost x2  
  199  14:15  Viking  
  200  14:19  Terran Ship Weapons Level 3, Advanced Ballistics  
  200  14:20  Armory  
  196  14:31  Viking x3  
  197  14:35  Command Center  
  199  14:43  Missile Turret  
  195  14:46  Missile Turret x2  
  195  14:52  Missile Turret  
  188  14:53  Liberator  
  189  15:00  Liberator  
  189  15:01  Liberator x2  
  189  15:02  Planetary Fortress  
  189  15:05  Missile Turret  
  155  15:37  Nuke  
  155  15:38  Rapid Reignition System  
  155  15:39  Marine x2  
  153  15:43  Marine  
  153  15:44  Marauder  
  153  15:47  Marine  
  164  15:57  Viking x4  
  164  16:04  Marauder x4  
  168  16:06  Marauder  
  168  16:08  Marine x5  
  168  16:09  Marine  
  174  16:15  Command Center  
  174  16:17  Terran Vehicle And Ship Armor Level 1  
  172  16:52  Viking  
  172  16:53  Viking x3  
  180  16:59  Planetary Fortress  
  180  17:07  SCV x4  
  184  17:14  Missile Turret  
  184  17:22  Viking x2  
  186  17:23  Viking x2  
  192  17:38  Nuke  
  188  17:52  Viking x2  
  188  17:53  Viking x2  
  188  17:56  Marauder x3  
  188  17:57  Marine x2  
  179  18:01  Marine x2  
  173  18:08  Marine x3  
  176  18:15  Marine x2  
  172  18:22  Viking x2  
  172  18:23  Viking  
  157  18:28  Marine x2  
  157  18:33  Marine x2  
Show
View Real Time Build Order
Export as new Build Order

DPGZest Protoss 

Build Orders: 1 Gate Expand, Blink Stalkers, Carriers, Colossus Rush 

Get SALT Encoding   

  12  0:00  Probe  
  13  0:12  Probe  
  14  0:18  Pylon  
  14  0:25  Probe (Chrono Boost)  
  15  0:37  Probe (Chrono Boost)  
  15  0:38  Gateway  
  16  0:45  Probe (Chrono Boost)  
  16  0:48  Assimilator  
  17  0:51  Probe  
  18  1:03  Probe  
  19  1:15  Probe  
  20  1:25  Cybernetics Core  
  20  1:34  Nexus  
  20  1:36  Probe  
  21  1:44  Pylon  
  21  1:48  Probe  
  21  1:51  Assimilator  
  22  2:01  Probe (Chrono Boost)  
  23  2:02  Adept  
  23  2:03  Warp Gate  
  25  2:11  Probe (Chrono Boost)  
  26  2:16  Probe (Chrono Boost)  
  27  2:25  Twilight Council  
  27  2:27  Probe  
  28  2:34  Stalker  
  30  2:39  Probe  
  31  2:44  Gateway  
  31  2:47  Probe  
  32  2:51  Probe  
  32  2:52  Blink (Chrono Boost)  
  33  2:59  Probe  
  33  3:04  Probe  
  35  3:11  Stalker, Probe  
  38  3:16  Probe  
  38  3:19  Pylon  
  39  3:23  Probe  
  40  3:28  Probe  
  40  3:32  Robotics Facility  
  41  3:35  Probe  
  41  3:40  Probe  
  43  3:46  Assimilator  
  43  3:47  Probe  
  44  3:51  Stalker x2  
  44  3:52  Probe  
  49  3:58  Pylon  
  49  3:59  Probe  
  49  4:00  Assimilator  
  50  4:08  Probe  
  50  4:09  Pylon  
  51  4:11  Probe  
  51  4:15  Stalker  
  51  4:16  Stalker  
  56  4:20  Probe  
  56  4:21  Observer  
  56  4:24  Probe  
  59  4:25  Pylon  
  59  4:33  Probe  
  59  4:36  Probe  
  61  4:39  Robotics Bay  
  61  4:40  Forge  
  61  4:47  Immortal  
  65  4:58  Stalker  
  67  5:03  Pylon  
  67  5:06  Protoss Ground Weapons Level 1  
  67  5:11  Observer  
  67  5:17  Nexus  
  67  5:20  Probe x2  
  69  5:22  Colossus (Chrono Boost)  
  69  5:25  Extended Thermal Lance  
  75  5:30  Shield Battery  
  75  5:33  Probe x2  
  77  5:41  Gateway  
  77  5:42  Observer  
  77  5:43  Gateway  
  77  5:49  Pylon  
  77  6:03  Gateway  
  77  6:05  Colossus (Chrono Boost)  
  83  6:12  Probe  
  83  6:13  Probe  
  83  6:16  Charge  
  85  6:19  Gateway x2  
  85  6:30  Probe  
  85  6:31  Sentry x2  
  85  6:32  Probe x2  
  92  6:35  Pylon  
  92  6:43  Stalker x2  
  92  6:45  Probe x3  
  99  6:48  Pylon  
  99  6:50  Colossus (Chrono Boost)  
  99  6:51  Pylon  
  104  6:58  Observer  
  104  7:01  Sentry, Zealot  
  104  7:02  Zealot  
  104  7:07  Pylon  
  110  7:15  Protoss Ground Weapons Level 2 (Chrono Boost)  
  110  7:16  Probe x2  
  110  7:20  Shield Battery  
  112  7:23  Photon Cannon  
  112  7:25  Photon Cannon  
  112  7:26  Shield Battery  
  112  7:31  Probe  
  112  7:32  Probe x2  
  112  7:33  Assimilator  
  112  7:34  Assimilator  
  112  7:36  Robotics Facility  
  115  7:37  Observer (Chrono Boost)  
  115  7:38  Pylon  
  116  7:45  Pylon x2, Probe x2  
  116  7:47  Probe  
  119  7:57  Probe, Observer (Chrono Boost)  
  121  7:58  Zealot x6  
  121  8:05  Pylon  
  133  8:06  Pylon, Probe  
  133  8:07  Probe  
  133  8:09  Probe  
  133  8:10  Photon Cannon  
  136  8:13  Disruptor (Chrono Boost)  
  139  8:20  Disruptor (Chrono Boost)  
  142  8:28  Stargate  
  142  8:42  Protoss Air Weapons Level 1 (Chrono Boost)  
  142  8:48  Observer  
  142  8:50  Disruptor  
  142  8:51  Disruptor  
  142  8:54  Pylon  
  148  8:56  Pylon  
  148  8:57  Gateway  
  148  8:59  Pylon  
  148  9:00  Gateway  
  148  9:02  Observer  
  148  9:08  Stargate  
  148  9:10  Gateway  
  148  9:12  Fleet Beacon  
  148  9:16  Zealot x7  
  161  9:29  Disruptor  
  161  9:30  Disruptor  
  167  9:33  Protoss Ground Weapons Level 3 (Chrono Boost)  
  167  9:45  Photon Cannon  
  167  9:54  Carrier (Chrono Boost)  
  167  9:56  Carrier (Chrono Boost)  
  179  10:15  Pylon  
  179  10:16  Photon Cannon  
  179  10:19  Photon Cannon  
  179  10:20  Photon Cannon  
  179  10:23  Shield Battery  
  179  10:27  Observer  
  179  10:35  Photon Cannon  
  177  10:41  Carrier (Chrono Boost)  
  177  10:42  Carrier (Chrono Boost)  
  177  10:43  Pylon  
  177  10:44  Nexus  
  188  11:03  Shield Battery  
  188  11:04  Shield Battery  
  188  11:05  Pylon, Shield Battery  
  188  11:17  Stargate  
  188  11:20  Gateway  
  188  11:23  Gateway  
  182  11:27  Protoss Air Weapons Level 2 (Chrono Boost)  
  182  11:30  Zealot  
  182  11:31  Zealot x7  
  184  11:37  Carrier (Chrono Boost)  
  198  11:47  Disruptor  
  198  11:49  Disruptor  
  198  11:53  Shield Battery  
  200  11:55  Photon Cannon, Carrier (Chrono Boost)  
  182  12:16  Carrier (Chrono Boost)  
  182  12:21  Protoss Shields Level 1 (Chrono Boost)  
  188  12:24  Disruptor  
  188  12:26  Disruptor  
  188  12:29  Probe  
  198  12:32  Assimilator  
  198  12:37  Assimilator  
  195  12:46  Stalker x3  
  199  13:05  Warp Prism  
  197  13:06  Observer  
  200  13:16  Photon Cannon  
  200  13:23  Gravitic Boosters  
  197  13:34  Protoss Air Armor Level 1 (Chrono Boost)  
  197  13:41  Zealot  
  199  13:42  Nexus  
  199  13:44  Pylon  
  197  13:54  Probe x4  
  187  14:00  Carrier x2 (Chrono Boost)  
  193  14:06  Probe  
  200  14:20  Gravitic Drive  
  196  14:24  Pylon  
  195  14:35  Protoss Shields Level 2 (Chrono Boost)  
  187  14:50  Observer (Chrono Boost)  
  190  14:55  Probe  
  190  14:56  Colossus (Chrono Boost), Probe x3  
  194  15:03  Observer (Chrono Boost)  
  193  15:12  Stalker x3  
  191  15:24  Observer  
  191  15:26  Stalker  
  191  15:27  Stalker x7  
  159  15:42  Carrier x3 (Chrono Boost)  
  150  15:47  Probe x2 (Chrono Boost)  
  150  15:48  Probe (Chrono Boost)  
  165  15:59  Probe (Chrono Boost)  
  165  16:01  Probe (Chrono Boost)  
  165  16:03  Probe (Chrono Boost)  
  169  16:05  Probe x2 (Chrono Boost)  
  169  16:08  Probe (Chrono Boost)  
  169  16:10  Probe (Chrono Boost), Observer  
  172  16:11  Probe (Chrono Boost)  
  172  16:12  Probe x2 (Chrono Boost)  
  172  16:14  Probe  
  175  16:20  Probe  
  175  16:21  Probe  
  175  16:23  Probe x2  
  179  16:26  Probe  
  179  16:32  Probe  
  181  16:51  Observer (Chrono Boost)  
  183  17:01  Observer (Chrono Boost)  
  183  17:07  Colossus (Chrono Boost)  
  183  17:08  Photon Cannon  
  189  17:15  Colossus (Chrono Boost)  
  195  17:23  Photon Cannon  
  194  17:32  Stalker  
  194  17:33  Stalker  
  180  18:02  Stalker x5  
  180  18:03  Stalker x5  
  164  18:06  Stalker  
  117  18:30  Stalker x2  
  117  18:31  Zealot  
Tags
 
Add a new tag
Caveats
  • Supply blocks, unpowered buildings, or Contaminate may cause inaccurate times.
  • Supply counts are checked every 10 seconds.